 Dungeon Crawl Stone Soup version 0.21.0-24-g2553a33 (webtiles) character file.

471 Grimoiregrey the Ruffian (level 6, -1/47 HPs)
             Began as a Draconian Transmuter on Jan 21, 2018.
             Slain by Feta's ghost (15 damage)
             ... on level 4 of the Dungeon.
             The game lasted 00:38:29 (5080 turns).

Grimoiregrey the Ruffian (Draconian Transmuter)     Turns: 5080, Time: 00:38:30

Health: -1/47      AC:  6    Str: 12    XL:     6   Next: 83%
Magic:  9/9        EV: 12    Int: 16    God:
Gold:   159        SH:  0    Dex: 11    Spells: 5/9 levels left

rFire    . . .     SeeInvis .     - Unarmed
rCold    . . .     Gourm    .   (no shield)
rNeg     . . .     Faith    .   (armour unavailable)
rPois    .         Spirit   .   (helmet restricted)
rElec    .         Reflect  .   (no cloak)
rCorr    .         Harm     .   (no gloves)
MR       .....                  (no boots)
Stlth    +.........             (no amulet)
HPRegen  0.15/turn              g - ring of wizardry
MPRegen  0.11/turn              (no ring)

@: appendage (expiring)
A: unfitting armour, horns 2, cold-blooded, AC +6
a: End Transformation


You were on level 4 of the Dungeon.
You were not hungry.
You had grown temporary horns.
You visited 1 branch of the dungeon, and saw 5 of its levels.

You collected 159 gold pieces.

Inventory:

Hand Weapons
 l - a +0 dagger
 n - a +0 club
Missiles
 a - 21 arrows
 m - 2 throwing nets (quivered)
Jewellery
 g - a ring of wizardry (left hand)
 i - an uncursed ring of magical power
 p - an uncursed ring of protection from fire
Scrolls
 d - a scroll of identify
 e - 2 scrolls of teleportation
 o - a scroll of remove curse
Potions
 c - a potion of curing
 f - a potion of flight {unknown}
 h - a potion of lignification {unknown}
 k - a potion of heal wounds {unknown}
 q - a potion of haste {unknown}
Books
 b - a book of Changes

   Spells                             Type                      Level
   a - Beastly Appendage              Transmutation                1
   b - Sticks to Snakes               Transmutation                2
   c - Spider Form                    Transmutation/Poison         3
   d - Ice Form                       Ice/Transmutation            4
   e - Blade Hands                    Transmutation                5
Comestibles
 r - 2 rations


   Skills:
 - Level 1.1 Fighting
 - Level 1.7 Dodging
 + Level 6.4 Unarmed Combat
 - Level 2.0 Spellcasting
 - Level 4.7 Transmutations


You had 5 spell levels left.
You knew the following spells:

 Your Spells              Type           Power        Failure   Level  Hunger
a - Beastly Appendage     Tmut           ###...       1%          1    #......
b - Spider Form           Tmut/Pois      #.........   10%         3    ###....


Dungeon Overview and Level Annotations

Branches:
Dungeon (5/15)
 Temple: D:4-7

Altars:
Gozag
Trog
Zin

Annotations:
D:4 Feta's ghost, novice FoFi


Innate Abilities, Weirdness & Mutations

Your plain brown scales are hard. (AC +6)
You cannot fit into any form of body armour.
You are cold-blooded and may be slowed by cold attacks.
You have a pair of horns on your head.


Message History

You start resting.
HP restored.
Feta's ghost turns its malevolent gaze towards you.
You see here a scroll of identify.
d - a scroll of identify Feta's ghost hits you.
Feta's ghost hits you but does no damage.
Casting: Beastly Appendage
Confirm with . or Enter, or press ? or * to list all spells.
You grow a pair of large bovine horns.
Feta's ghost hits you!
Unknown command.
Feta's ghost hits you. Feta's ghost hits you! Feta's ghost hits you!
* * * LOW HITPOINT WARNING * * *
You feel better.
Feta's ghost hits you but does no damage.
Your transformation is almost over.
Feta's ghost hits you!
You die...

.?.# ##.....###..# #.#
..## ###.......##..######
#.# #.#
#....._............# #.#
#.####.#.......#..#####.#
#.# <......##.....###.#
#.# #.#
#.......##...##...# #.#
#.# #.##.######.###.###
##.###.# #.##.#
#......W.#####...##.#
#.##.#
#..####.@....>......#
#.##.# #..#
#.######...#### ..##.#
#..###.#.######.##
####.## #.....###.......#
#..=###.####.#<########
....#.....# ##.##
###...###.# #.# ##.## #.#
#.# #.####.#####.#


You could see Feta's ghost.

Vanquished Creatures
  A phantom (D:4)
  An ogre (D:4)
  A hound (D:2)
  An orc wizard (D:3)
  2 worker ants (D:4)
  Robin (D:2)
  4 gnolls (D:3)
  4 adders
  An ooze (D:3)
  2 worms (D:2)
  A dart slug (D:2)
  3 leopard geckos
  7 orcs (D:3)
  10 bats
  5 giant cockroaches
  21 goblins
  11 hobgoblins
  A jackal (D:1)
  A quokka (D:3)
  A ball python (D:2)
  6 frilled lizards
  10 kobolds
  6 rats
101 creatures vanquished.

Notes
Turn   | Place    | Note
-------+----------+-------------------------------------------
     0 | D:1      | Grimoiregrey the Draconian Transmuter began the quest for the Orb.
     0 | D:1      | Reached XP level 1. HP: 16/16 MP: 3/3
   319 | D:1      | Reached XP level 2. HP: 21/23 MP: 3/5
  1167 | D:2      | Reached XP level 3. HP: 28/28 MP: 6/6
  1728 | D:2      | Reached XP level 4. HP: 35/35 MP: 7/7
  1733 | D:2      | Learned a level 3 spell: Spider Form
  1744 | D:2      | Noticed Robin
  1795 | D:2      | Killed Robin
  2873 | D:3      | Reached skill level 4 in Unarmed Combat
  2873 | D:3      | Reached XP level 5. HP: 33/40 MP: 8/8
  3538 | D:3      | Found a bloodstained altar of Trog.
  3770 | D:3      | Found a glowing silver altar of Zin.
  3904 | D:4      | Noticed Feta's ghost (novice FoFi)
  4263 | D:4      | Noticed an ogre
  4266 | D:4      | Noticed a phantom
  4266 | D:4      | Reached skill level 5 in Unarmed Combat
  4273 | D:4      | Killed an ogre
  4273 | D:4      | Reached XP level 6. HP: 12/47 MP: 9/9
  4619 | D:4      | Reached skill level 6 in Unarmed Combat
  4768 | D:5      | Entered Level 5 of the Dungeon
  4928 | D:4      | Found an opulent altar of Gozag.
  5080 | D:4      | Slain by Feta's ghost

Skill      XL: |  1  2  3  4  5  6 |
---------------+-------------------+-----
Transmutations | 3 4 |  4.7
Unarmed Combat | 4 5 6 |  6.4
Fighting       | |  1.1
Dodging        | |  1.7
Spellcasting   | |  2.0

Action                   |  1- 3 |  4- 6 || total
-------------------------+-------+-------++-------
Melee: Unarmed           |   113 |   214 ||   327
       Tailslap          |     6 |     8 ||    14
       Kick              |     9 |     7 ||    16
       Headbutt          |     1 |     4 ||     5
 Cast: Beastly Appendage |    20 |    16 ||    36
       Spider Form       |       |    23 ||    23
  Use: Scroll            |       |     6 ||     6
       Potion            |       |     1 ||     1
  Eat: Ration            |     1 |     1 ||     2
       Chunk             |       |    12 ||    12
Armor: Skin              |    35 |    47 ||    82
Dodge: Dodged            |    84 |   169 ||   253
